 Dungeon Crawl Stone Soup version 0.31-a0-237-g2d982f9f85 (webtiles) character file.

Game seed: 2633318592176407494

40 qw the Shooter (level 3, -6/29 HPs)
             Began as a Minotaur Hexslinger on July 11, 2023.
             Mangled by Terence
             ... wielding a +0 flail
              (10 damage)
             ... on level 2 of the Dungeon.
             The game lasted 00:00:20 (1140 turns).

qw the Shooter (Minotaur Hexslinger)                Turns: 1140, Time: 00:00:21

Health: -6/29      AC:  3    Str: 12    XL:     3   Next: 30%
Magic:  3/3        EV: 12    Int: 10    God:
Gold:   34         SH:  0    Dex: 14    Spells: 3/4 levels left

rFire   . . .        Y - +1 sling
rCold   . . .        (no shield)
rNeg    . . .        c - +0 robe
rPois   .            (helmet restricted)
rElec   .            (no cloak)
rCorr   .            f - +0 pair of gloves
SInv    .            (no boots)
Will    .....        (no amulet)
Stlth   +            (no ring)
HPRegen 0.24/turn    (no ring)
MPRegen 0.08/turn

%: no passive effects
@: no status effects
A: horns 2, retaliatory headbutt
a: no special abilities


You were on level 2 of the Dungeon.
You visited 1 branch of the dungeon, and saw 2 of its levels.

You collected 34 gold pieces.


Innate Abilities, Weirdness & Mutations

You have a pair of horns on your head.
You reflexively headbutt those who attack you in melee.


   Skills:
 - Level 2.0 Fighting
 + Level 3.8 Ranged Weapons
 - Level 2.1 Dodging
 - Level 1.0 Spellcasting
 - Level 2.0 Hexes


You had 3 spell levels left.
You knew the following spells:

 Your Spells              Type           Power      Damage    Failure   Level
a - Slow                  Hex            16%        N/A       16%         1

Your spell library contained the following spells:

 Spells                   Type           Power      Damage    Failure   Level
 Inner Flame              Hex/Fire       2%         N/A       56%         3
 Portal Projectile        Hex/Tloc       4%         N/A       56%         3
 Cause Fear               Hex            2%         N/A       83%         4

Inventory:

Hand Weapons
 Y - a +1 sling (weapon)
Armour
 a - a +0 pair of boots
 c - a +0 robe (worn)
 f - a +0 pair of gloves (worn)
Jewellery
 b - a +4 ring of slaying {mikee}
 d - a +5 ring of evasion

Dungeon Overview and Level Annotations

Branches:
Dungeon (2/15)

Altars:

Annotations:
D:2 Terence


Message History

Enter note: You shoot a sling bullet.
The sling bullet hits the kobold.
The kobold is moderately wounded.
The kobold throws a stone.
The stone barely misses you.
You shoot a sling bullet. The sling bullet hits the kobold.
You kill the kobold!
You shoot a sling bullet. The sling bullet hits Terence.
Terence is lightly wounded.
A hobgoblin comes into view.
You shoot a sling bullet. The hobgoblin shouts!
The sling bullet hits Terence but does no damage.
Terence is lightly wounded.
Terence hits you with a +0 flail.
You shoot a sling bullet.
The sling bullet hits Terence but does no damage.
Terence is lightly wounded.
Terence hits you with a +0 flail!
You shoot a sling bullet.
The sling bullet hits Terence but does no damage.
Terence is lightly wounded.
Terence hits you with a +0 flail.
You shoot a sling bullet.
The sling bullet hits Terence but does no damage.
Terence is lightly wounded.
Terence hits you with a +0 flail.
You shoot a sling bullet. The sling bullet hits Terence.
Terence is lightly wounded.
Terence barely misses you. You furiously retaliate!
You headbutt Terence, but do no damage. Terence hits you with a +0 flail!
You shoot a sling bullet.
The sling bullet hits Terence but does no damage.
Terence is lightly wounded.
Terence barely misses you. You furiously retaliate!
You headbutt Terence! The hobgoblin closely misses you.
You shoot a sling bullet. The sling bullet hits Terence.
Terence is severely wounded.
The hobgoblin hits you but does no damage.
Terence hits you with a +0 flail!
You die...

..........##.#
.............###
###########....#
##.#.# #.#.##
#.#..# #
#.##.####)#..
#.##........?
#....@.......
........@g####>.
#########.# ..
... .... ....+
..).#


You could see Terence and a hobgoblin.

Vanquished Creatures
  An adder (D:1)
  2 bats
  3 endoplasms
  2 goblins
  2 hobgoblins (D:1)
  7 jackals
  4 ball pythons (D:1)
  A frilled lizard (D:1)
  3 kobolds
  4 rats (D:1)
29 creatures vanquished.

Notes
Turn   | Place    | Note
-------+----------+-------------------------------------------
     0 | D:1      | qw the Minotaur Hexslinger began the quest for the Orb.
     0 | D:1      | Reached XP level 1. HP: 16/16 MP: 1/1
     0 | D:1      | 0 ||| qw: Version: 0.3-a-52-g30416fa
     0 | D:1      | 0 ||| qw: Game counter: 5745
     0 | D:1      | 0 ||| qw: Melee chars always use a shield: true
     0 | D:1      | 0 ||| qw: God list: Okawaru
     0 | D:1      | 0 ||| qw: Allow faded altars: false
     0 | D:1      | 0 ||| qw: Do Orc after clearing Dungeon:15 true
     0 | D:1      | 0 ||| qw: Do second Lair branch before Depths: true
     0 | D:1      | 0 ||| qw: Lair rune preference: random
     0 | D:1      | 0 ||| qw: Goals: Normal
     0 | D:1      | 0 ||| PLANNING D:1-11
   114 | D:1      | Reached skill level 3 in Ranged Weapons
   118 | D:1      | Reached XP level 2. HP: 22/23 MP: 2/2
   893 | D:1      | 893 ||| UPGRADING to +0 pair of gloves.
   898 | D:1      | 898 ||| READING 2 scrolls labelled KOEPNOEFES.
   899 | D:1      | 899 ||| READING scroll labelled XYX ACOBEU.
   900 | D:1      | 900 ||| READING scroll labelled QIFRUHEKER.
   901 | D:1      | 901 ||| DROPPING scroll of fear.
   902 | D:1      | 902 ||| DROPPING scroll of poison.
   956 | D:2      | 956 ||| STAIRDANCE
   988 | D:2      | 988 ||| STAIRDANCE
   994 | D:1      | Reached XP level 3. HP: 17/29 MP: 3/3
  1130 | D:2      | Noticed Terence
  1138 | D:2      | HP: 3/29 [Terence/+0 flail (10)]
  1140 | D:2      | Mangled by Terence

Levels and vault maps discovered:
D:1:      onia_arrival_handbag, layout_basic, nicolae_hexahallways,
          nicolae_titane
D:2:      layout_basic, st_stairs_1, uniq_terence, uniq_jessica

Skill      XL: |  1  2 |
---------------+-------+-----
Ranged Weapons | 3 |  3.8
Fighting       | 2 |  2.0
Dodging        | |  2.1
Spellcasting   | |  1.0
Hexes          | |  2.0

Action                     || total
---------------------------++-------
   Fire: Sling             ||    75
    Use: Scroll            ||     3
 Armour: Robe              ||    12
  Dodge: Dodged            ||    37

Table legend:
 A = Non-vault XP
 B = Vault XP
 C = Vault XP percentage of total XP
 D = Non-vault monster count
 E = Vault monster count
 F = Vault count percentage of total count
                 A         B        C        D         E       F
            +---------+---------+-------+---------+---------+-------
      Total |      53 |       5 |   8.6 |      25 |       4 |  13.8
            +---------+---------+-------+---------+---------+-------
        D:1 |      43 |       5 |  10.4 |      19 |       4 |  17.4
        D:2 |      10 |       0 |   0.0 |       6 |       0 |   0.0
            +---------+---------+-------+---------+---------+-------
